 Dungeon Crawl Stone Soup version 0.18-a0-775-g4d9e04e (webtiles) character file.

350 Gorice the Poker (level 6, 0/43 HPs)
             Began as an Octopode Wanderer on Dec 13, 2015.
             Slain by tof's ghost (2 damage)
             ... on level 4 of the Dungeon.
             The game lasted 00:20:11 (3450 turns).

Gorice the Poker (Octopode Wanderer)                Turns: 3450, Time: 00:20:11

Health: 0/43       AC:  1    Str: 13    XL:     6   Next: 60%
Magic:  9/9        EV: 13    Int: 12    God:
Gold:   177        SH:  2    Dex: 14    Spells: 0 memorised, 5 levels left

rFire  . . .     SeeInvis .     a - +1 spear
rCold  . . .     Clarity  .     (no shield)
rNeg   . . .     SustAt   .     (helmet restricted)
rPois  .         Gourm    .     v - +2 amulet of reflection
rElec  .         Spirit   .     m - ring of stealth
rCorr  .         Dismiss  .     (no ring)
rMut   .         Stasis   .     (no ring)
MR     .....                    (no ring)
Stlth  ++........               (no ring)
                                (no ring)
                                (no ring)
                                (no ring)

@: glowing, not resistant to hostile enchantments, unstealthy
A: almost no armour, amphibious, 8 rings, constrict 8, camouflage 1, gelatinous
body 1
a: no special abilities


You were on level 4 of the Dungeon.
You were very full.

You visited 1 branch of the dungeon, and saw 4 of its levels.

You collected 177 gold pieces.

Inventory:

Hand Weapons
 a - a +1 spear (weapon)
 b - a +0 hunting sling
 p - a +0 quarterstaff
 y - a +0 arbalest
Missiles
 e - 5 poisoned sling bullets
 i - 24 sling bullets
 j - 26 bolts
 A - 4 tomahawks (quivered)
 Z - 87 stones
Jewellery
 m - a ring of stealth (left tentacle)
 o - an uncursed ring of ice
 r - an uncursed amulet of resist corrosion
 s - an uncursed amulet of the gourmand
 v - a +2 amulet of reflection (around mantle)
Wands
 u - a wand of enslavement (20)
Scrolls
 l - 4 scrolls of teleportation {!r}
 q - 2 scrolls of remove curse
 x - a scroll of magic mapping {!r}
 B - a scroll of enchant armour {unknown}
Potions
 h - a potion of curing {unknown}
 n - a potion of brilliance {!q}
 t - a potion of haste {!q}
 w - a potion of might {unknown}
Comestibles
 c - 6 chunks of flesh
 d - 4 bread rations {!e}
 g - 2 royal jellies
 k - a meat ration {!e}
 z - a beef jerky


   Skills:
 - Level 4.0 Fighting
 * Level 4.2(4.3) Polearms
 - Level 1.0(2.8) Staves
 + Level 3.2 Dodging
 - Level 2.7 Stealth
 + Level 4.0 Evocations


You had 5 spell levels left.
You didn't know any spells.

Dungeon Overview and Level Annotations

Branches:
Dungeon (4/15)
 Temple: D:4-7

Altars:

Annotations:
D:4 tof's ghost, amateur DEEn


Innate Abilities, Weirdness & Mutations

You cannot wear most types of armour.
You are amphibious.
You can wear up to eight rings at the same time.
You can use your tentacles to constrict eight enemies at once.
Your skin changes colour to match your surroundings (Stealth).
Your rubbery body absorbs attacks (AC +1).


Message History

You are more confused.
Unknown command.
You bump into the rock wall.
You bump into the rock wall.
You miss tof's ghost.
Tof's ghost is almost destroyed.
Tof's ghost closely misses you.
You closely miss tof's ghost.
Tof's ghost is almost destroyed.
Tof's ghost closely misses you.
You miss tof's ghost.
Tof's ghost is severely damaged.
For a moment, you lose track of tof's ghost.
Tof's ghost hits you.
* * * LOW HITPOINT WARNING * * *
Damage: 2 (max 9)
You bump into the rock wall.
Tof's ghost casts a spell at you.
You are more confused.
Tof's ghost gestures at you while chanting.
You are more confused.
Tof's ghost hits you.
* * * LOW HITPOINT WARNING * * *
Damage: 5 (max 9) You're too confused to move!
Tof's ghost hits you.
* * * LOW HITPOINT WARNING * * *
Damage: 1 (max 9)
You hit tof's ghost but do no damage.
Tof's ghost is severely damaged.
Tof's ghost casts a spell at you.
You are more confused.
Drink which item? (? for menu, Esc to quit)
Okay, then.
Drink which item? (? for menu, Esc to quit)
Really quaff
f - a potion of cancellation {!q}?
Your magical effects are unravelling.
You feel magically purged.
You feel less confused.
Tof's ghost points at you and mumbles some strange words.
You are outlined in light.
Unknown command.
You closely miss tof's ghost. Your squeeze misses tof's ghost.
Tof's ghost is severely damaged.
Tof's ghost hits you.
* * * LOW HITPOINT WARNING * * *
Damage: 4 (max 9)
You closely miss tof's ghost.
Tof's ghost is severely damaged.
Tof's ghost hits you.
You die...

#.###.###.###..........# #
#.# ##.#.# #..##.#.#?## #
#.# ##.### #..###W..# # #.#
#...# #W.####.### # #.#
#.#.# #.....(...# #
#.#####.#.# #...###(#.#
#.#.....#.# #....##.#.#####
#....####.###...#.#[.......
#>.......W@.....##.##..####
##...########..............
##[## ##...###...#### #..#
##.###.....### #.##
#............ #.
#<........### ..
#.<###...## .## #..# #####
#.)#


You could see tof's ghost.

Vanquished Creatures
  An ogre (D:4)
  A giant frog skeleton (D:4)
  An orc wizard (D:3)
  2 worker ants (D:4)
  6 adders
  2 worms (D:4)
  8 orcs
  2 ball pythons (D:4)
  2 giant cockroaches
  8 hobgoblins
  12 jackals
  11 kobolds
  A quokka (D:4)
  5 bats
  4 giant geckos
  A giant gecko skeleton (D:4)
  5 giant newts
  6 goblins
  4 rats
82 creatures vanquished.

Notes
Turn   | Place    | Note
--------------------------------------------------------------
     0 | D:1      | Gorice the Octopode Wanderer began the quest for the Orb.
     0 | D:1      | Gorice set off with: a wand of enslavement (15), 2 scrolls of teleportation {!r}, a +0 club, a bread ration {!e}
     0 | D:1      | Reached XP level 1. HP: 17/17 MP: 2/2
   269 | D:1      | Reached XP level 2. HP: 22/22 MP: 3/3
   271 | D:1      | Reached skill level 2 in Stealth
   619 | D:1      | Reached XP level 3. HP: 15/27 MP: 4/4
   892 | D:1      | You fall through a shaft!
  1557 | D:2      | Reached skill level 2 in Dodging
  1557 | D:2      | Reached XP level 4. HP: 28/33 MP: 6/6
  1792 | D:2      | Reached skill level 3 in Evocations
  1870 | D:3      | Reached skill level 2 in Polearms
  2493 | D:3      | Reached XP level 5. HP: 37/37 MP: 7/7
  2665 | D:3      | Reached skill level 3 in Polearms
  3070 | D:4      | Reached XP level 6. HP: 43/43 MP: 8/8
  3230 | D:4      | Reached skill level 4 in Polearms
  3230 | D:4      | Reached skill level 3 in Dodging
  3230 | D:4      | Reached skill level 4 in Evocations
  3301 | D:4      | Noticed tof's ghost (amateur DEEn)
  3430 | D:4      | HP: 11/43 [tof's ghost (4)]
  3442 | D:4      | HP: 10/43 [tof's ghost (2)]
  3449 | D:4      | HP: 1/43 [tof's ghost (4)]
  3450 | D:4      | Slain by tof's ghost

Vault maps used:
D:1:      ncdulo_lavacross
D:2:      first_bread

Action                   |  1- 3 |  4- 6 || total
-------------------------+-------+-------++-------
Melee: Club              |    51 |       ||    51
       Spear             |    30 |    86 ||   116
 Fire: Hunting sling     |     9 |    93 ||   102
Throw: Stone             |    22 |       ||    22
  Use: Scroll            |     6 |     5 ||    11
       Potion            |       |     1 ||     1
 Stab: Sleeping          |    10 |     3 ||    13
  Eat: Chunk             |    14 |     6 ||    20

Table legend:
 A = Turns spent in this place as a percentage of turns spent in the entire game.
 B = Non-inter-level travel turns spent in this place as a percentage of non-inter-level travel turns spent in the entire game.
 C = Inter-level travel turns spent in this place as a percentage of turns spent in this place.
 D = Turns resting spent in this place as a percentage of non-inter-level travel turns spent in this place.
 E = Turns spent auto-exploring this place as a percentage of non-inter-level travel turns spent in this place.
 F = Non-inter-level travel turns spent in this place divided by the number of levels of this place that you've seen.
                   A       B       C       D       E      F
               +-------+-------+-------+-------+-------+----------------------
         Total | 100.0 | 100.0 |   0.2 |   1.5 |   4.6 | 377.5
       Dungeon | 100.0 | 100.0 |   0.2 |   1.5 |   4.6 | 377.5
               +-------+-------+-------+-------+-------+----------------------

Vault maps used:
D:1:      ncdulo_lavacross
D:2:      first_bread
